woodfighter, chaotic female orcish Cavewoman ---- ---- --------- |..| --..-- |..--...-- --..-- |....-- |.........---....-- |..f@P. h ------............| --.----- |.--........--|...| |...........--|.-- |............--.| |.....%.........| |...............-- |.....--.........| |...---|.........| |.-- |......-.-- |.| |-.......-- |.--- --.....|...-- --)..| |%..---|....| |*...--|..^| |...-- |..<..||...| --..| ----.----.-- ---- --- --- woodfighter the Cave Teen Experience level: 4 Strength: 18 Dexterity: 15 Constitution: 18 Intelligence: 8 Wisdom: 10 Charisma: 6 Health: 0(39) Energy: 15(15) Def: 2 Gold: 400 Moves: 1196 Dungeon seed: LVqaP_NjkUPJYHri Game ID: woodfighter_1476960015 Your Inventory: Coins $ - 400 gold pieces Weapons a - a +1 club (weapon in hand) b - a +2 sling (alternate weapon; not wielded) Armor n - an uncursed +0 orcish helm q - an uncursed +0 leather armor (being worn) Comestibles c - an uncursed food ration d - an uncursed egg f - an uncursed mango Scrolls h - 2 uncursed scrolls of scare monster Potions g - a blessed potion of hallucination j - an uncursed potion of extra healing Wands i - a wand of enlightenment (0:15) l - a wand of lightning (0:8) Tools k - an uncursed wooden flute Gems e - 7 uncursed flints (in quiver) Spells and supernatural/magical abilities: Name Level Category Fail Memory W - pray for help -- divine ? -- Your skills at the end: Miscellaneous Skills bare handed combat [Basic] Weapon Skills scimitar [Basic] club [Basic] sling [Basic] Spellcasting Skills Final Attributes: You were piously aligned. You were poison resistant. You had infravision. You were very stealthy. You are dead. Vanquished creatures: a gnome lord a gnomish wizard a giant ant a kitten an iguana a jitterbug 2 coyotes a gas spore a large kobold a gecko 6 gnomes 7 jackals a fox a kobold 6 newts a goblin a grid bug 5 lichens 39 creatures vanquished. Voluntary challenges: You did not adorn yourself with jewelry or accessories. You did not cause conflict. You were not invisible. You did not have reflection. You were not displaced. You were an atheist. You used a wielded weapon 47 times, starting on turn 84. You did not use containers. You did not apply a unicorn horn. You did not use plumbed fixtures. You did not drink any magical draughts. You were illiterate. You never genocided any monsters. You never polymorphed an object. You never changed form. You used no wishes. You never split a pudding. You never wrote Elbereth's name. You never violated your personal moral code. Dungeon overview: The Dungeons of Doom: levels 1 to 4 Level 1 (v) a fountain a long staircase Level 2 (l) some fountains Level 3 stairs to The Gnomish Mines Level 4 The Gnomish Mines: Level 4 <- You were here stairs to The Dungeons of Doom History has recorded: On T:1 you entered the Dungeons of Doom to retrieve the Amulet of Yendor! On T:95 you reached level 2 of The Dungeons of Doom. On T:271 you advanced to experience level 2. On T:515 you reached level 3 of The Dungeons of Doom. On T:622 you advanced to experience level 3. On T:834 you reached level 4 of The Dungeons of Doom. On T:970 you reached level 1 of The Gnomish Mines. On T:992 you advanced to experience level 4. Score breakdown: Gold: 400 ( 40 points) Experience: 4 levels ( 300 points) Exploration: 4 levels ( 90 points) Discoveries: 6 items ( 300 points) Variety of kills: 18 monsters ( 900 points) Major goal: (nothing yet) ( 0 points) Survival: died (score multiplied by 3) Total score: 4890 Latest messages: The giant ant bites! You kill the giant ant! l - a marble wand. You see here a giant ant corpse. You stop exploring. A board beneath you squeaks loudly. You stop exploring. You kill the gas spore! You are caught in the gas spore's explosion! You stop exploring. The jitterbug bites! (2x) You hit the jitterbug! You hear rumbling in the distance. You stop exploring. The jitterbug bites! (4x) You kill the jitterbug! You stop exploring. You hit the gray ooze. (2x) You hit the gray ooze! The housecat bites! (2x) You hit the housecat! The housecat bites! You hit the housecat! The housecat bites! You hit the housecat! The housecat bites! (2x) You die... Final status: Goodbye woodfighter the Cavewoman, killed by a housecat... You died in The Gnomish Mines on dungeon level 4 with 4890 points, and 400 pieces of gold, after 1196 moves. You were level 4 with a maximum of 39 hit points when you died.